 Dungeon Crawl Stone Soup version 0.30-a0-55-g90e3122c3a (webtiles) character file.

Game seed: 14613614949495439484

63 Pengu the Trooper (level 4, -1/40 HPs)
             Began as a Hill Orc Fighter on Sept 8, 2022.
             Succumbed to a water moccasin's poison
             ... on level 3 of the Dungeon on Sept 9, 2022.
             The game lasted 00:09:03 (1837 turns).

Pengu the Trooper (Hill Orc Fighter)                Turns: 1837, Time: 00:09:04

Health: -1/40      AC:  7    Str: 20    XL:     4   Next: 9%
Magic:  4/4        EV:  9    Int:  8    God:
Gold:   201        SH:  5    Dex: 16    Spells: 3/3 levels left

rFire   . . .      SeeInvis .    a - +0 war axe
rCold   . . .      Faith    .    c - +0 buckler
rNeg    . . .      Spirit   .    b - +0 scale mail
rPois   .          Reflect  .    (no helmet)
rElec   .          Harm     .    (no cloak)
rCorr   .          Rampage  .    (no gloves)
Will    .....                    (no boots)
Stlth   ..........               (no amulet)
HPRegen 0.13/turn                i - +6 ring of dexterity
MPRegen 0.09/turn                (no ring)

@: lethally poisoned (-1 -> -5)
A: no striking features
a: no special abilities


You were on level 3 of the Dungeon.
You visited 1 branch of the dungeon, and saw 3 of its levels.

You collected 201 gold pieces.

Inventory:

Hand Weapons
 a - a +0 war axe (weapon)
Armour
 b - a +0 scale mail (worn)
 c - a +0 buckler (worn)
 j - a +0 scale mail
 l - the +1 leather armour of the Abyss {Str+5}
   (You found it on level 3 of the Dungeon)

   Str:       It affects your strength (+5).
Jewellery
 i - a +6 ring of dexterity (left hand)
 m - a ring of see invisible
Scrolls
 k - a scroll of fear {unknown}
 o - a scroll of enchant armour {unknown}
Potions
 d - a potion of might
 e - a potion of berserk rage {unknown}
 f - 2 potions of ambrosia
 g - 2 potions of brilliance {unknown}
 h - a potion of curing {unknown}
 n - a potion of attraction {unknown}


   Skills:
 + Level 4.3 Fighting
 + Level 3.2 Axes
 + Level 4.1 Armour
 + Level 3.8 Shields


You had 3 spell levels left.
You didn't know any spells.
Your spell library contained the following spells:

 Spells                   Type           Power      Damage    Failure   Level
 Magic Dart               Conj           0%         1d3       85%         1
 Call Imp                 Summ           0%         N/A       94%         2
 Ensorcelled Hibernation  Hex/Ice        0%         N/A       94%         2
 Passwall                 Tmut/Erth      0%         N/A       94%         2
 Inner Flame              Hex/Fire       0%         N/A       99%         3
 Mephitic Cloud           Conj/Pois/Air  0%         N/A       99%         3
 Swiftness                Air            0%         N/A       99%         3
 Cause Fear               Hex            0%         N/A       100%        4
 Discord                  Hex            0%         N/A       100%        8


Dungeon Overview and Level Annotations

Branches:
Dungeon (3/15)

Altars:


Message History

The water moccasin bites you.
You slash the endoplasm!
You kill the endoplasm!
You hit the water moccasin. The water moccasin closely misses you.
The water moccasin bites you! The water moccasin barely misses you.
You barely miss the water moccasin.
The water moccasin is moderately wounded.
The water moccasin bites you.
You hit the water moccasin.
The water moccasin is heavily wounded.
You block the water moccasin's attack. x2
You barely miss the water moccasin.
The water moccasin is heavily wounded.
The water moccasin bites you but does no damage.
The water moccasin bites you.
You slash the water moccasin!
The water moccasin is almost dead.
The water moccasin bites you. x2
You are poisoned.
The water moccasin poisons you!
You barely miss the water moccasin.
The water moccasin is almost dead.
* * * LOW HITPOINT WARNING * * *
You feel very sick. The water moccasin barely misses you.
The water moccasin bites you but does no damage.
You closely miss the water moccasin.
The water moccasin is almost dead.
* * * LOW HITPOINT WARNING * * *
You feel sick. You block the water moccasin's attack.
The water moccasin bites you but does no damage.
You barely miss the water moccasin.
The water moccasin is almost dead.
* * * LOW HITPOINT WARNING * * *
You feel sick. The water moccasin bites you.
* * * LOW HITPOINT WARNING * * *
The water moccasin barely misses you.
You hit the water moccasin.
You kill the water moccasin!
You die...

#...<... ......
#....####.....
#########..........##.♣.
..........####..........
..........'.....<.#
..........######..##
##........# #r).#
#.........# #†#.#
..........# #@#.#
.....#....# #.#.#
.†...##...# ..# #
..........# ....
≈≈≈.......# .....
##≈≈......# #......
##≈......# #......
#≈.....###########
#≈....##...#


You could see a quokka.

Vanquished Creatures
  A water moccasin (D:3)
  2 adders
  2 ball pythons
  6 endoplasms
  5 giant cockroaches
  2 goblins
  5 hobgoblins
  3 quokkas
  4 bats
  A frilled lizard (D:2)
  5 kobolds
  6 rats
42 creatures vanquished.

Notes
Turn   | Place    | Note
-------+----------+-------------------------------------------
     0 | D:1      | Pengu the Hill Orc Fighter began the quest for the Orb.
     0 | D:1      | Reached XP level 1. HP: 19/19 MP: 1/1
    84 | D:1      | Upgraded the game from 0.30-a0-54-g2e61a25929 to
                  | 0.30-a0-55-g90e3122c3a
   219 | D:1      | Reached XP level 2. HP: 22/27 MP: 2/2
   891 | D:1      | Reached XP level 3. HP: 33/33 MP: 3/3
  1707 | D:3      | Reached XP level 4. HP: 39/40 MP: 4/4
  1714 | D:3      | Identified the +1 leather armour of the Abyss {Str+5}
  1817 | D:3      | Noticed a water moccasin
  1836 | D:3      | HP: 1/40 [water moccasin (5)]
  1837 | D:3      | Killed a water moccasin
  1837 | D:3      | Succumbed to a water moccasin's poison

Illustrated notes

Levels and vault maps discovered:
D:1:      amcnicky_arrival_flooded_fountain, layout_basic
D:2:      layout_loops_ring
D:3:      layout_basic, kennysheep_decorative_pillar, grunt_ministairs_9,
          hangedman_decor_growths, chequers_decorated_corner,
          kennysheep_cross_room, uniq_crazy_yiuf_cottage

Skill      XL: |  1  2  3 |
---------------+----------+-----
Fighting       | 4 |  4.3
Axes           | 3 |  3.2
Armour         | 4 |  4.1
Shields        | |  3.8

Action                   |  1- 3 |  4- 6 || total
-------------------------+-------+-------++-------
Melee: War axe           |    85 |    20 ||   105
  Use: Scroll            |     2 |       ||     2
       Potion            |     1 |       ||     1
Armor: Scale mail        |    50 |     8 ||    58
Dodge: Dodged            |    35 |    18 ||    53
Block: Buckler           |    21 |     7 ||    28

Table legend: (Time is in decaauts)
 A = Elapsed time spent in this place.
 B = Non-inter-level travel time spent in this place.
 C = Inter-level travel time spent in this place.
 D = Time resting spent in this place.
 E = Time spent auto-exploring this place.
 F = Levels seen in this place.
 G = Mean time per level.
                   A        B        C        D        E       F      G
               +--------+--------+--------+--------+--------+-----+--------+
         Total |   1877 |   1870 |      7 |     34 |      0 |   3 |  625.7 |
       Dungeon |   1877 |   1870 |      7 |     34 |      0 |   3 |  625.7 |
               +--------+--------+--------+--------+--------+-----+--------+

Top non-repeatable levels by time:
     D:1: 942 daAuts
     D:2: 760 daAuts
     D:3: 173 daAuts
